 Dungeon Crawl Stone Soup version 0.31-a0-995-g04711c9635 (webtiles) character file.

Game seed: 13915915114630903740

14142 Querens the Protected (level 12, -5/90 (101) HPs)
             Began as a Formicid Fighter on Nov 6, 2023.
             Was a Believer of Makhleb.
             Slain by a +2 demon blade of draining (19 damage)
             ... on level 11 of the Dungeon.
             The game lasted 00:31:11 (7159 turns).

Querens the Protected (Formicid Fighter)            Turns: 7159, Time: 00:31:11

HP:   -5/90 (101)   AC: 24    Str: 20    XL:     12   Next: 41%
MP:   12/12         EV: 13    Int:  9    God:    Makhleb [**....]
Gold: 1884          SH:  7    Dex: 13    Spells: 11/11 levels left

rFire   . . .        B - +4 war axe of Xom's Grace {flame, rElec rN++ Str-5}
rCold   . . .        c - +0 buckler
rNeg    + + .        C - +8 chain mail "Vintoplo" {+Blink}
rPois   .            (helmet unavailable)
rElec   +            (no cloak)
rCorr   .            A - +1 pair of gloves
SInv    +            p - +0 pair of boots
Will    ++...        L - amulet of the acrobat Stlth
                     n - +5 ring of evasion
HPRegen 0.35/turn    N - ring of willpower
MPRegen 0.13/turn

%: acrobat
@: heavily drained
A: permanent stasis, dig shafts and tunnels, antennae 3, four strong arms
a: Dig, Shaft Self, Renounce Religion, Minor Destruction


You were on level 11 of the Dungeon.
You worshipped Makhleb.
Makhleb was pleased with you.
You visited 2 branches of the dungeon, and saw 12 of its levels.
You also visited: Ossuary.

You collected 1907 gold pieces.
You spent 23 gold pieces at shops.

Inventory:

Hand Weapons
 a - a +0 war axe
 w - a +6 rapier of venom
 B - the +4 war axe of Xom's Grace (weapon) {flame, rElec rN++ Str-5}
   (You found it on level 5 of the Dungeon)

   Str-5:     It affects your strength (-5).
   rElec:     It insulates you from electricity.
   rN++:      It greatly protects you from negative energy.
Missiles
 T - a curare-tipped dart
Armour
 c - a +0 buckler (worn)
 f - the scarf of Monotheism {+Inv, Int+4 Stlth-}
   (You found it on level 6 of the Dungeon)

   Int+4:     It affects your intelligence (+4).
   Stlth-:    It makes you less stealthy.
 p - a +0 pair of boots (worn)
 A - a +1 pair of gloves (worn)
 C - the +8 chain mail "Vintoplo" (worn) {+Blink}
   (You found it on level 6 of the Dungeon)

   +Blink:    It lets you blink.
 D - +0 acid dragon scales
 K - an orb of mayhem
Jewellery
 n - a +5 ring of evasion (left hand)
 o - a +6 ring of intelligence
 x - a ring of ice
 L - an amulet of the acrobat (around neck)
 N - a ring of willpower (right hand)
 O - a ring of wizardry
 P - an amulet of faith
 R - a +6 ring of intelligence
 U - a ring of wizardry
Talismans
 e - a serpent talisman
 k - a flux talisman
Wands
 t - a wand of paralysis (18)
 y - a wand of flame (41)
 W - a wand of polymorph (5)
Scrolls
 d - a scroll of immolation
 g - 5 scrolls of butterflies
 h - 2 scrolls of fear
 l - 10 scrolls of teleportation
 m - 6 scrolls of enchant armour
 s - 2 scrolls of fog
 F - a scroll of silence {unknown}
 I - a scroll of vulnerability {unknown}
 J - 2 scrolls of amnesia {unknown}
 S - a scroll of torment {unknown}
 V - a scroll of poison {unknown}
 X - a scroll of enchant weapon {unknown}
Potions
 b - 2 potions of ambrosia {unknown}
 i - 5 potions of heal wounds
 j - 3 potions of brilliance
 q - 8 potions of curing
 r - 4 potions of berserk rage
 u - 3 potions of attraction {unknown}
 v - 2 potions of enlightenment {unknown}
 z - a potion of magic {unknown}
 E - 2 potions of mutation
 G - 2 potions of might
 H - 2 potions of lignification {unknown}
 M - a potion of resistance {unknown}
 Q - a potion of invisibility {unknown}


   Skills:
 + Level 11.6 Fighting
 + Level 10.5 Axes
 + Level 11.6 Armour
 - Level 11.1 Shields


You had 11 spell levels left.
You didn't know any spells.
Your spell library contained the following spells:

 Spells                   Type           Power      Damage    Failure   Level
 Magic Dart               Conj           0%         1d3       94%         1
 Poisonous Vapours        Pois/Air       0%         N/A       98%         2
 Searing Ray              Conj           0%         2d4       98%         2
 Call Canine Familiar     Summ           0%         N/A       100%        3
 Hailstorm                Conj/Ice       0%         3d3       100%        3
 Ignite Poison            Fire/Tmut/Pois 0%         N/A       100%        3
 Mephitic Cloud           Conj/Pois/Air  0%         N/A       100%        3
 Sigil of Binding         Hex            0%         N/A       100%        3
 Dimensional Bullseye     Hex/Tloc       0%         N/A       100%        4
 Fulminant Prism          Conj/Hex       0%         3d5       100%        4
 Leda's Liquefaction      Hex/Erth       0%         N/A       100%        4
 Olgreb's Toxic Radiance  Pois           0%         N/A       100%        4
 Sticky Flame             Conj/Fire      0%         2d3       100%        4
 Summon Ice Beast         Ice/Summ       0%         N/A       100%        4
 Freezing Cloud           Conj/Ice/Air   0%         6-21      100%        5
 Simulacrum               Ice/Necr       0%         N/A       100%        6
 Ignition                 Fire           0%         3d3       100%        8


Dungeon Overview and Level Annotations

Branches:
Dungeon (11/15)            Temple (1/1) D:7            Lair (0/5) D:9
Ossuary (visited)
    Orc: D:9-12

Altars:
Ashenzari
Cheibriados
Dithmenos
Elyvilon
Fedhas
Gozag
Hepliaklqana
Kikubaaqudgha
Makhleb
Nemelex Xobeh
Okawaru
Qazlal
Ru
Sif Muna
Trog
Uskayaw
Vehumet
Wu Jian
Xom
Yredelemnul
Zin
The Shining One

Shops:
D:1 *   D:11 :

Annotations:
D:11 1 runed translucent door


Innate Abilities, Weirdness & Mutations

You cannot be hasted, slowed, berserked, paralysed or teleported.
You can dig through walls and to a lower floor.
You have a pair of large antennae on your head. (SInv)
Your four strong arms can wield two-handed weapons with a shield.


Message History

The +2 demon blade of draining is almost destroyed.
The +2 demon trident of pain hits you but does no damage.
The +2 demon blade of draining hits you!
You partially resist.
You feel drained.
The +2 demon trident of pain hits you from afar!
* * * LOW HITPOINT WARNING * * *
You block the +2 demon blade of draining's attack.
Unknown command.
You hit the +2 demon blade of draining but do no damage.
The +2 demon blade of draining is almost destroyed.
The +2 demon blade of draining hits you.
* * * LOW HITPOINT WARNING * * *
You partially resist.
You feel drained.
You block the +2 demon trident of pain's attack.
The +2 demon blade of draining hits you!
* * * LOW HITPOINT WARNING * * *
You partially resist.
You feel drained.
Unknown command.
You feel much better.
The +2 demon trident of pain closely misses you.
The +2 demon blade of draining hits you.
* * * LOW HITPOINT WARNING * * *
You partially resist.
The +2 demon trident of pain hits you but does no damage.
Unknown command.
Unknown command.
You miss the +2 demon blade of draining.
The +2 demon blade of draining is almost destroyed.
The +2 demon blade of draining misses you.
The +2 demon trident of pain hits you but does no damage.
The +2 demon blade of draining hits you but does no damage.
You partially resist.
Unknown command.
Unknown command.
You hit the +2 demon blade of draining but do no damage.
The +2 demon blade of draining is severely damaged.
The +2 demon trident of pain hits you from afar!
* * * LOW HITPOINT WARNING * * *
The +2 demon blade of draining hits you!!
You die...

#.# #####.##.# #.#
#.......<# #.#
#.###.####
#.#####.###.#
#....<......#
#######.##### .
##.## #...#######
##### ...
#.#.....@(##.....#
...
#...######((......#
#.# #####
##.......# #.#
#...⌠...# #.#
#.......# #..
#.......#####..
#.....##......
###+####.####.
#.#.##.#.## #.


You could see 3 dancing weapons.

Vanquished Creatures
  Erica (D:9)
  2 two-headed ogres (D:10)
  A boulder beetle (D:11)
  2 cyclopes
  A manticore (D:8)
  Maggie (D:7)
  A komodo dragon (D:9)
  2 trolls
  3 hornets
  Grinder (D:5)
  A wraith (D:10)
  21 yaks
  Eustachio (D:5)
  2 vampire mosquitoes (D:10)
  A steam dragon (D:9)
  3 water moccasins (D:9)
  An acid dragon (D:10)
  Duvessa (D:5)
  3 sky beasts
  An orc warrior (D:9)
  4 ice beasts (D:7)
  2 black bears
  A phantom (D:7)
  5 centaurs
  A kobold brigand (D:9)
  7 bullfrogs
  4 scorpions
  2 water moccasin zombies (Ossuary)
  5 elf skeletons (D:7)
  9 wights
  5 killer bees (D:9)
  Dowan (D:5)
  2 bullfrog zombies (Ossuary)
  2 centaur zombies (Ossuary)
  7 orc priests
  A jelly (D:7)
  A gnoll bouda (D:7)
  8 hounds
  3 human skeletons (D:7)
  3 sleepcaps
  Ijyb (D:3)
  Terence (D:2)
  3 iguanas
  6 orc wizards
  A scorpion zombie (Ossuary)
  3 ogre zombies (Ossuary)
  17 adders
  3 white imps
  5 adder zombies (Ossuary)
  33 orcs
  9 endoplasms
  3 giant cockroaches
  3 gnoll zombies (Ossuary)
  7 hobgoblins
  6 jackals (D:3)
  3 quokkas
  2 ball pythons
  2 bats
  5 frilled lizards
  8 goblins
  2 goblin zombies (Ossuary)
  2 hobgoblin zombies (Ossuary)
  18 kobolds
  3 orc skeletons (D:7)
  3 orc zombies (Ossuary)
  A rat (D:2)
273 creatures vanquished.

Notes
Turn   | Place    | Note
-------+----------+-------------------------------------------
     0 | D:1      | Querens the Formicid Fighter began the quest for the Orb.
     0 | D:1      | Reached XP level 1. HP: 18/18 MP: 1/1
   210 | D:1      | Reached XP level 2. HP: 10/24 MP: 2/2
   216 | D:1      | Found Liypp's Assorted Antiques.
   237 | D:1      | Bought a blue potion for 23 gold pieces
   505 | D:2      | Identified the of Vufri
   727 | D:2      | Noticed Terence
   739 | D:2      | Killed Terence
   740 | D:2      | Reached XP level 3. HP: 12/30 MP: 3/3
   825 | D:2      | Reached XP level 4. HP: 37/37 MP: 4/4
  1123 | D:3      | Noticed Ijyb
  1135 | D:3      | Killed Ijyb
  1136 | D:3      | Reached XP level 5. HP: 42/42 MP: 5/5
  1142 | D:3      | Reached skill level 5 in Shields
  1664 | D:3      | Reached XP level 6. HP: 27/49 MP: 6/6
  1717 | D:4      | Found a radiant altar of Vehumet.
  1920 | D:4      | Reached XP level 7. HP: 38/55 MP: 7/7
  2016 | D:4      | Reached skill level 5 in Armour
  2060 | D:4      | Reached skill level 5 in Fighting
  2400 | D:5      | Entered Level 5 of the Dungeon
  2608 | D:5      | Noticed Eustachio
  2640 | D:5      | Killed Eustachio
  2655 | D:5      | Reached XP level 8. HP: 35/63 MP: 8/8
  2787 | D:5      | Noticed Grinder
  2812 | D:5      | Killed Grinder
  2843 | D:5      | Found a broken altar of Ashenzari.
  2986 | D:5      | Reached skill level 5 in Axes
  3091 | D:5      | Noticed Dowan
  3091 | D:5      | Noticed Duvessa
  3111 | D:5      | Killed Duvessa
  3119 | D:5      | Killed Dowan
  3209 | D:5      | Identified the +4 war axe of Xom's Grace {flame, rElec rN++
                  | Str-5}
  3282 | D:6      | Reached XP level 9. HP: 45/71 MP: 9/9
  3288 | D:6      | Identified the +8 chain mail "Vintoplo" {+Blink}
  3486 | D:6      | Identified the scarf of Monotheism {+Inv, Int+4 Stlth-}
  3547 | D:6      | Found a shadowy altar of Dithmenos.
  3550 | D:6      | Found an ornate altar of the Wu Jian Council.
  3550 | D:6      | Found a sparkling altar of Nemelex Xobeh.
  3551 | D:6      | Found an iron altar of Okawaru.
  3744 | D:6      | Found a sacrificial altar of Ru.
  3939 | D:7      | Noticed a cyclops
  3968 | D:7      | Killed a cyclops
  3978 | D:7      | Reached XP level 10. HP: 36/80 MP: 10/10
  4005 | D:7      | Noticed Maggie
  4127 | D:7      | Killed Maggie
  4158 | D:7      | Found a sand-covered staircase.
  4169 | Ossuary  | Entered an ossuary
  4212 | Ossuary  | Reached skill level 10 in Shields
  4618 | D:7      | Found a staircase to the Ecumenical Temple.
  4627 | Temple   | Entered the Ecumenical Temple
  4640 | Temple   | Became a worshipper of Makhleb the Destroyer
  4922 | D:8      | Noticed a manticore
  4960 | D:8      | Killed a manticore
  5533 | D:9      | Reached XP level 11. HP: 78/89 MP: 11/11
  5658 | D:9      | Identified a scroll of acquirement
  5659 | D:9      | Acquired 1043 gold pieces
  5662 | D:9      | Found a staircase to the Lair.
  5788 | D:9      | Reached * piety under Makhleb
  5797 | D:9      | Reached skill level 10 in Armour
  5804 | D:9      | Reached skill level 10 in Fighting
  6033 | D:9      | Noticed Erica
  6041 | D:9      | Killed Erica
  6150 | D:10     | Entered Level 10 of the Dungeon
  6232 | D:10     | Noticed a two-headed ogre
  6241 | D:10     | Killed a two-headed ogre
  6303 | D:10     | Noticed a two-headed ogre
  6323 | D:10     | Killed a two-headed ogre
  6323 | D:10     | Reached ** piety under Makhleb
  6324 | D:10     | Reached XP level 12. HP: 57/100 MP: 12/12
  6394 | D:10     | Reached skill level 10 in Axes
  6676 | D:10     | Found a bloodstained altar of Trog.
  6768 | D:11     | Found a runed translucent door.
  6769 | D:11     | Noticed a +0 vampiric demon whip
  6771 | D:11     | Noticed a +2 demon blade of draining
  6771 | D:11     | Noticed a +2 demon trident of pain
  6803 | D:11     | Noticed a boulder beetle
  6827 | D:11     | Killed a boulder beetle
  6954 | D:11     | Found Bugegetu's Book Shop.
  7159 | D:11     | Slain by a +2 demon blade of draining

Illustrated notes

Levels and vault maps discovered:
D:1:      psy_arrival_whirlpool, layout_loops_ring, serial_shops, shop
D:2:      layout_loops_ring, lexackson_kobold_supper, uniq_terence
D:3:      layout_basic, kennysheep_another_room, uniq_ijyb
D:4:      layout_basic, nicolae_vehumet_altar_sigil
D:5:      layout_basic, lemuel_coloured_pillars_altar, uniq_duvessa,
          uniq_grinder, uniq_eustachio
D:6:      layout_loops_ring, chequers_temple_overflow_statue_of_worship,
          nicolae_ru_the_path_less_chosen, skrybe_limestone_x,
          minmay_misc_feat_enclosed, minmay_splitting_lines
D:7:      cheibrodos_barr_body, layout_cave_pools, minmay_temple_entry_wispy,
          nicolae_ossuary_entry_catacombs, uniq_maggie
D:8:      layout_gridville, st_stairs_5, minmay_fountain_box
D:9:      layout_loops_ring, due_lair_maze_entry_diamond,
          minmay_gold_behind_fungi, uniq_erica
D:10:     layout_roguey, mainiacjoe_overflow_cross_hatched
D:11:     layout_loops_ring, serial_shops, shop_fountains, nicolae_danse_macabre
Temple:   zaba_magenta_temple

Skill      XL: |  1  2  3  4  5  6  7  8  9 10 11 12 |
---------------+-------------------------------------+-----
Armour         | 4 5 6 7 9 11 | 11.6
Fighting       | 4 5 6 7 9 11 | 11.6
Axes           | 3 4 5 6 8 9 10 | 10.5
Shields        | 5 6 7 9 11 | 11.1

Action                     |  1- 3 |  4- 6 |  7- 9 | 10-12 || total
---------------------------+-------+-------+-------+-------++-------
  Melee: War axe           |    57 |   179 |   290 |   465 ||   991
Ability: Dig               |       |       |     2 |     4 ||     6
  Evoke: Wand              |       |       |       |     2 ||     2
    Use: Scroll            |       |       |     7 |     6 ||    13
         Potion            |       |       |     1 |     2 ||     3
 Armour: Scale mail        |     7 |       |       |       ||     7
         Chain mail        |    31 |   120 |   161 |   318 ||   630
  Dodge: Dodged            |    27 |   138 |   202 |   325 ||   692
  Block: Buckler           |    19 |    44 |    87 |   167 ||   317

Table legend: (Time is in decaauts)
 A = Elapsed time spent in this place.
 B = Non-inter-level travel time spent in this place.
 C = Inter-level travel time spent in this place.
 D = Time resting spent in this place.
 E = Time spent auto-exploring this place.
 F = Levels seen in this place.
 G = Mean time per level.
                   A        B        C        D        E       F      G
               +--------+--------+--------+--------+--------+-----+--------+
         Total |   7373 |   6921 |    452 |      8 |      0 |  13 |  567.2 |
       Dungeon |   7184 |   6732 |    452 |      8 |      0 |  11 |  653.1 |
        Temple |     26 |     26 |      0 |      0 |      0 |   1 |   26.0 |
       Ossuary |    162 |    162 |      0 |      0 |      0 |   1 |  162.0 |
               +--------+--------+--------+--------+--------+-----+--------+

Top non-repeatable levels by time:
     D:5: 875 daAuts
     D:4: 786 daAuts
     D:9: 779 daAuts
     D:8: 700 daAuts
     D:6: 684 daAuts
     D:3: 660 daAuts
     D:7: 625 daAuts
    D:10: 602 daAuts
     D:2: 538 daAuts
     D:1: 521 daAuts
    D:11: 409 daAuts
 Ossuary: 162 daAuts
  Temple: 26 daAuts
